 Dungeon Crawl Stone Soup version 0.26-a0-808-g930a2b7adc (console) character file.

Game seed: 13437449811156219690

156 Ignak the Ogre Mage (level 5, -1/50 HPs)
             Began as an Ogre Hedge Wizard on Nov 12, 2020.
             Slain by a gnoll
             ... wielding a +0 halberd
              (9 damage)
             ... on level 4 of the Dungeon.
             The game lasted 00:06:25 (3068 turns).

Ignak the Ogre Mage (Ogre Hedge Wizard)             Turns: 3068, Time: 00:06:26

Health: -1/50      AC:  3    Str: 15    XL:     5   Next: 38%
Magic:  9/11       EV: 10    Int: 15    God:
Gold:   121        SH:  0    Dex:  8    Spells: 4/12 levels left

rFire    . . .     SeeInvis .   g - +1 spear (freeze)
rCold    . . .     Faith    .   (no shield)
rNeg     . . .     Spirit   .   b - +0 robe
rPois    .         Reflect  .   c - +0 hat
rElec    .         Harm     .   (no cloak)
rCorr    .         Rampage  .   (gloves unavailable)
MR       .....                  (boots unavailable)
Stlth    +.........             (no amulet)
HPRegen  0.16/turn              (no ring)
MPRegen  0.12/turn              (no ring)

@: no status effects
A: large, unfitting armour, tough skin 1
a: no special abilities


You were on level 4 of the Dungeon.
You visited 1 branch of the dungeon, and saw 4 of its levels.

You collected 121 gold pieces.

Inventory:

Hand Weapons
 f - a +0 club
 g - a +1 spear of freezing (weapon)
Missiles
 i - 4 curare-tipped darts (quivered)
Armour
 b - a +0 robe (worn)
 c - a +0 hat (worn)
 p - a +0 kite shield
Wands
 n - a wand of flame (9)
Scrolls
 a - a scroll of teleportation {unknown}
 e - 4 scrolls of identify {unknown}
 l - 3 scrolls of remove curse {unknown}
 m - 2 scrolls of enchant armour {unknown}
 o - 3 scrolls of fear {unknown}
Potions
 d - a potion of attraction {unknown}
 h - a potion of curing {unknown}
 j - 2 potions of brilliance {unknown}
 k - a potion of heal wounds {unknown}
 q - a potion of haste {unknown}
 r - a potion of might {unknown}


   Skills:
 + Level 2.3 Fighting
 + Level 1.5 Maces & Flails
 + Level 2.4 Dodging
 - Level 1.4 Stealth
 * Level 0.9 Shields
 - Level 1.3 Unarmed Combat
 + Level 4.1 Spellcasting
 + Level 1.8 Conjurations
 - Level 1.0 Summonings
 - Level 1.0 Translocations


You had 4 spell levels left.
You knew the following spells:

 Your Spells              Type           Power        Failure   Level
a - Magic Dart            Conj           #...         9%          1
b - Blink                 Tloc           N/A          19%         2
d - Mephitic Cloud        Conj/Pois/Air  #.......     38%         3
e - Call Imp              Summ           #.......     17%         2

Your spell library contained the following spells:

 Spells                   Type           Power        Failure   Level
 Slow                     Hex            #.......     26%         2
 Conjure Flame            Conj/Fire      #.......     36%         3


Dungeon Overview and Level Annotations

Branches:
Dungeon (4/15)
 Temple: D:4-7

Altars:


Innate Abilities, Weirdness & Mutations

You are too large for most types of armour.
You have tough skin. (AC +1)


Message History

You see here a glowing falchion.
The gnoll closely misses you.
Things that are here:
a +0 buckler; a +0 mace; an orc skeleton The gnoll hits you with a +0 halberd!
You hit the gnoll. You freeze the gnoll.
The gnoll is heavily wounded.
The gnoll hits you with a +0 halberd!
You closely miss the gnoll.
The gnoll is heavily wounded.
The gnoll hits you with a +0 halberd!
* * * LOW HITPOINT WARNING * * *
You barely miss the gnoll.
The gnoll is heavily wounded.
The gnoll barely misses you.
Casting: Call Imp (safe; 17% risk of failure)
Confirm with . or Enter, or press ? or * to list all spells.
You blink.
The gnoll hits you from afar with a +0 halberd!
You die...

#.#
#)###.###.
#.#.# #o##..#
#.#.#
###.5...#
#.#.#
#.g.##..#
#.#.###.###
....
#..ยง..#.#
#.. #..g..#.#
. #..[....#
#@.[..#.####
#.<[)........
#######.###..
#.# #.. #.##
..


You could see a gnoll.

Vanquished Creatures
  An orc priest (D:4)
  Jessica (D:2)
  2 worms
  A dart slug (D:1)
  A leopard gecko (D:2)
  2 orcs
  6 bats
  3 giant cockroaches
  7 goblins
  4 hobgoblins
  A quokka (D:2)
  A ball python (D:2)
  3 kobolds
  2 rats (D:2)
35 creatures vanquished.

Vanquished Creatures (collateral kills)
  A hound (D:4)
  An orc wizard (D:3)
  An adder (D:1)
  An ooze (D:2)
  A worm (D:2)
  5 orcs
  A giant cockroach (D:2)
  2 hobgoblins
  2 kobolds (D:2)
  A goblin (D:2)
16 creatures vanquished.

Grand Total: 51 creatures vanquished

Notes
Turn   | Place    | Note
-------+----------+-------------------------------------------
     0 | D:1      | Ignak the Ogre Hedge Wizard began the quest for the Orb.
     0 | D:1      | Reached XP level 1. HP: 16/16 MP: 5/5
   492 | D:1      | Reached skill level 1 in Conjurations
   598 | D:1      | Reached XP level 2. HP: 26/26 MP: 6/6
   602 | D:1      | Learned a level 2 spell: Blink
   605 | D:1      | Learned a level 2 spell: Call Imp
   799 | D:1      | Reached skill level 1 in Fighting
  1231 | D:1      | Reached XP level 3. HP: 28/33 MP: 1/8
  1918 | D:2      | Reached skill level 1 in Maces & Flails
  2118 | D:2      | Reached skill level 1 in Unarmed Combat
  2363 | D:2      | Reached XP level 4. HP: 32/42 MP: 9/9
  2482 | D:3      | Noticed Jessica
  2502 | D:2      | Killed Jessica
  2502 | D:2      | Reached skill level 4 in Spellcasting
  2509 | D:2      | Learned a level 3 spell: Mephitic Cloud
  2606 | D:3      | You fall into a shaft and drop 1 floor!
  2638 | D:4      | Reached XP level 5. HP: 35/49 MP: 2/11
  2751 | D:4      | Reached skill level 1 in Summonings
  3037 | D:3      | Reached skill level 1 in Translocations
  3068 | D:4      | Slain by a gnoll

Illustrated notes

Levels and vault maps discovered:
D:1:      psy_arrival_radial01, layout_basic
D:2:      minmay_alternating_diamond, layout_rooms
D:3:      layout_loops_ring, ebering_ghost_inner_flame, uniq_jessica,
          uniq_terence
D:4:      layout_loops_ring, minmay_temple_entry_enclosed_plants, uniq_grinder

Skill      XL: |  1  2  3  4  5 |
---------------+----------------+-----
Conjurations   | 1 |  1.8
Fighting       | 1 2 |  2.3
Dodging        | 2 |  2.4
Maces & Flails | 1 |  1.5
Unarmed Combat | 1 |  1.3
Spellcasting   | 4 |  4.1
Summonings     | 1 |  1.0
Translocations | 1 |  1.0
Stealth        | |  1.4
Shields        | |  0.9

Action                   |  1- 3 |  4- 6 || total
-------------------------+-------+-------++-------
Melee: Spear             |   103 |    48 ||   151
       Dagger            |     3 |       ||     3
 Cast: Magic Dart        |     4 |       ||     4
       Call Imp          |    13 |    10 ||    23
       Mephitic Cloud    |       |     1 ||     1
       Blink             |       |     2 ||     2
 Stab: Sleeping          |     3 |       ||     3
Armor: Robe              |    25 |     7 ||    32
Dodge: Dodged            |    56 |    38 ||    94

Table legend: (Time is in decaauts)
 A = Elapsed time spent in this place.
 B = Non-inter-level travel time spent in this place.
 C = Inter-level travel time spent in this place.
 D = Time resting spent in this place.
 E = Time spent auto-exploring this place.
 F = Levels seen in this place.
 G = Mean time per level.
                   A        B        C        D        E       F      G
               +--------+--------+--------+--------+--------+-----+--------+
         Total |   3087 |   3056 |     31 |   1077 |   1307 |   4 |  771.8 |
       Dungeon |   3087 |   3056 |     31 |   1077 |   1307 |   4 |  771.8 |
               +--------+--------+--------+--------+--------+-----+--------+

Top non-repeatable levels by time:
     D:1: 1616 daAuts
     D:2: 1159 daAuts
     D:3: 234 daAuts
     D:4: 77 daAuts
